 Dungeon Crawl Stone Soup version 0.29-a0-824-gd827844252 (webtiles) character file.

Game seed: 17435709475838662395

31 jimonade the Conjurer (level 3, -4/28 HPs)
             Began as a Draconian Conjurer on July 11, 2022.
             Killed from afar by Sigmund (17 damage)
             ... with a bolt of light
             ... on level 2 of the Dungeon.
             The game lasted 00:03:07 (1260 turns).

jimonade the Conjurer (Draconian Conjurer)          Turns: 1260, Time: 00:03:08

Health: -4/28      AC:  5    Str: 11    XL:     3   Next: 7%
Magic:  1/6        EV: 12    Int: 18    God:
Gold:   24         SH:  0    Dex:  9    Spells: 3/6 levels left

rFire   . . .      SeeInvis .   n - +1 dagger (vamp)
rCold   . . .      Faith    .   (no shield)
rNeg    . . .      Spirit   .   (body armour unavailable)
rPois   .          Reflect  .   (helmet restricted)
rElec   .          Harm     .   (no cloak)
rCorr   .          Rampage  .   (no gloves)
Will    .....                   (no boots)
Stlth   +.........              (no amulet)
HPRegen 0.09/turn               (no ring)
MPRegen 0.10/turn               (no ring)

@: confused
A: AC +5, unfitting armour, cold-blooded
a: no special abilities


You were on level 2 of the Dungeon.
You visited 1 branch of the dungeon, and saw 2 of its levels.

You collected 24 gold pieces.

Inventory:

Hand Weapons
 c - a +0 dagger
 k - a +0 antimagic dagger
 n - a +1 vampiric dagger (weapon)
Missiles
 l - 5 stones
Armour
 d - a +0 ring mail
Scrolls
 b - a scroll of fear {unknown}
 g - a scroll of blinking {unknown}
 h - a scroll of enchant armour {unknown}
 i - a scroll of poison {unknown}
 j - a scroll of identify {unknown}
 m - a scroll of vulnerability {unknown}
Potions
 a - a potion of magic
 e - a potion of haste {unknown}
 f - a potion of flight {unknown}


   Skills:
 * Level 1.1 Fighting
 + Level 1.8 Dodging
 + Level 1.9 Stealth
 * Level 2.2 Spellcasting
 + Level 4.5 Conjurations


You had 3 spell levels left.
You knew the following spells:

 Your Spells              Type           Power      Damage    Failure   Level
a - Magic Dart            Conj           72%        1d6       2%          1
b - Searing Ray           Conj           36%        2d5       4%          2

Your spell library contained the following spells:

 Spells                   Type           Power      Damage    Failure   Level
 Dazzling Flash           Conj/Hex       20%        N/A       21%         3
 Frozen Ramparts          Ice            4%         1d2       47%         3
 Fulminant Prism          Conj/Hex       5%         3d7       56%         4
 Iskenderun's Mystic Bla  Conj/Tloc      10%        2d4       56%         4
 Ice Form                 Ice/Tmut       2%         N/A       87%         4
 Summon Ice Beast         Ice/Summ       2%         N/A       87%         4


Dungeon Overview and Level Annotations

Branches:
Dungeon (2/15)

Altars:

Annotations:
D:2 Sigmund


Innate Abilities, Weirdness & Mutations

Your plain brown scales are hard. (AC +5)
You cannot fit into any form of body armour.
You are cold-blooded and may be slowed by cold attacks.


Message History

The magic dart hits the goblin.
You kill the goblin!
A worm comes into view.
The magic dart hits the worm.
The worm is lightly wounded.
Your magical contamination has completely faded away.
The magic dart hits the worm.
The worm is moderately wounded.
The magic dart hits the worm.
The worm is heavily wounded.
The magic dart hits the worm.
The worm is severely wounded.
You are out of magic!
You don't have enough magic to cast this spell.
Unknown command.
Sigmund the Dreaded comes into view.
He is wielding a +0 scythe and carrying a wand of light (3).
Sigmund shouts!
Sigmund points at you and mumbles some strange words.
You are confused.
Sigmund zaps a wand.
The bolt of light hits you. Sigmund gestures at you while chanting.
You are more confused.
You're too confused to move!
Sigmund hits you from afar with a +0 scythe!
You are too confused!
You are too confused!
You are too confused!
Sigmund casts a spell.
Sigmund flickers and vanishes!
Deactivating autopickup; reactivate with Ctrl-A.
You're too confused to move!
The worm misses you.
You hear a zap.
A bolt of light appears from out of thin air!
The bolt of light hits you!
You hear a zap.
A bolt of light appears from out of thin air!
The bolt of light hits you!
Ouch! That really hurt!
You die...

..# ##.# #### ... .... ..#
. .... #.#############.##
.. ...###................#
... .............######..#
.#.. #..........######..#
..... #..........# ...#..#
#.)..#...).@....# ##.#..#
#.........{.....#.#.....#
....?.......w.......>...##
.#...............######รท.#
.............###.........##
.....#######.# #..........#
..... ### #..........# ....
#########..## .... #...#


You could see a worm.

Vanquished Creatures
  An adder (D:2)
  2 endoplasms (D:1)
  4 kobolds (D:1)
  A quokka (D:2)
  3 ball pythons
  A bat (D:1)
  2 frilled lizards (D:1)
  7 goblins
  A rat (D:1)
22 creatures vanquished.

Vanquished Creatures (others)
  5 toadstools (D:1)
5 creatures vanquished.

Grand Total: 27 creatures vanquished

Notes
Turn   | Place    | Note
-------+----------+-------------------------------------------
     0 | D:1      | jimonade the Draconian Conjurer began the quest for the
                  | Orb.
     0 | D:1      | Reached XP level 1. HP: 14/14 MP: 3/3
   299 | D:1      | Reached XP level 2. HP: 22/22 MP: 0/5
   870 | D:2      | Reached skill level 1 in Fighting
  1167 | D:2      | Reached XP level 3. HP: 28/28 MP: 3/6
  1218 | D:2      | Learned a level 2 spell: Searing Ray
  1245 | D:2      | Noticed Sigmund
  1260 | D:2      | Killed from afar by Sigmund

Illustrated notes

Levels and vault maps discovered:
D:1:      ldierk_walled_garden, layout_rooms
D:2:      layout_basic, basic_ecumenical_altar, minmay_misc_feat_diagonals,
          uniq_sigmund

Skill      XL: |  1  2 |
---------------+-------+-----
Fighting       | 1 |  1.1
Dodging        | |  1.8
Stealth        | |  1.9
Spellcasting   | |  2.2
Conjurations   | |  4.5

Action                   || total
-------------------------++-------
Melee: Dagger            ||     3
 Cast: Magic Dart        ||    41
Armor: Skin              ||     1
Dodge: Dodged            ||     5

Table legend: (Time is in decaauts)
 A = Elapsed time spent in this place.
 B = Non-inter-level travel time spent in this place.
 C = Inter-level travel time spent in this place.
 D = Time resting spent in this place.
 E = Time spent auto-exploring this place.
 F = Levels seen in this place.
 G = Mean time per level.
                   A        B        C        D        E       F      G
               +--------+--------+--------+--------+--------+-----+--------+
         Total |   1262 |   1211 |     51 |    277 |    755 |   2 |  631.0 |
       Dungeon |   1262 |   1211 |     51 |    277 |    755 |   2 |  631.0 |
               +--------+--------+--------+--------+--------+-----+--------+

Top non-repeatable levels by time:
     D:1: 828 daAuts
     D:2: 434 daAuts
